cohdb
Replays
Latest Replays
All Replays
Popular Replays
Top Player Replays
Match Explorer
How It Works
Community
CoH3 Stats
Reddit
Sign in to upload your games and track your stats! →
Sign in with Steam
Match 43894803
Unlisted
Match 43894803
Overview
Messages
Build Orders
End
Scout Squad
Scout Squad
Selects Airborne Battlegroup
Selects Pathfinders
Construct Weapon Support Center
M1919 Machine Gun Team
M1919 Machine Gun Team
Bazooka Squad
Air Support Center
Selects Paratrooper Squad Paradrop
Construct Medical Station
Grasshopper Recon Run
P-47 Dive Bomb
Paratrooper Squad Paradrop
M3 Armored Personnel Carrier
Grasshopper Recon Run
Paratrooper Squad Paradrop
Grasshopper Recon Run
Construct Tank Depot
Engineer Squad
Grasshopper Recon Run
Selects Recon Loiter
Selects Supply Drop
Improved M9 Bazooka Rockets
Grasshopper Recon Run
P-47 Dive Bomb
M18 Hellcat Tank Destroyer
Grasshopper Recon Run
M18 Hellcat Tank Destroyer
P-47 Strafing Run
Grasshopper Recon Run
Recon Loiter
Engineer Squad
JT
PaNiC
0
0
Comments
sign in to comment!
No comments posted yet!